 Dungeon Crawl Stone Soup version 0.22-a0-78-g0f8607c (webtiles) character file.

116 KristoblXynda the Conjurer (level 4, -3/33 HPs)
             Began as a Draconian Conjurer on Jan 15, 2018.
             Was an Initiate of Vehumet.
             Slain by Sigmund
             ... wielding a +1 scythe of slicing
              (5 damage)
             ... on level 2 of the Dungeon.
             The game lasted 00:07:01 (3150 turns).

KristoblXynda the Conjurer (Draconian Conjurer)     Turns: 3150, Time: 00:07:01

Health: -3/33      AC:  6    Str: 15      XL:     4   Next: 70%
Magic:  8/9        EV: 12    Int: 16      God:    Vehumet [......]
Gold:   117        SH:  0    Dex: 11 (12) Spells: 6/10 levels left

rFire    . . .     SeeInvis .   i - +0 dagger
rCold    . . .     Gourm    .   (no shield)
rNeg     . . .     Faith    .   (armour unavailable)
rPois    .         Spirit   .   (helmet restricted)
rElec    .         Reflect  .   (no cloak)
rCorr    .         Harm     .   e - +0 pair of gloves
MR       .....                  (no boots)
Stlth    +.........             (no amulet)
HPRegen  0.11/turn              (no ring)
MPRegen  0.11/turn              (no ring)

@: confused, mighty
A: unfitting armour, cold-blooded, AC +5
a: Renounce Religion


You were on level 2 of the Dungeon.
You worshipped Vehumet.
Vehumet was noncommittal.
You were not hungry.

You visited 1 branch of the dungeon, and saw 2 of its levels.

You collected 117 gold pieces.

Inventory:

Hand Weapons
 i - a +0 dagger (weapon)
Missiles
 d - 3 javelins (quivered)
Armour
 e - a +0 pair of gloves (worn)
Scrolls
 c - 3 scrolls of identify {unknown}
 f - a scroll of teleportation {unknown}
 g - 2 scrolls of enchant armour {unknown}
Potions
 k - a potion of mutation {unknown}
Books
 a - a book of Conjurations

   Spells                             Type                      Level
   a - Magic Dart                     Conjuration                  1
   b - Searing Ray                    Conjuration                  2
   c - Dazzling Spray                 Conjuration/Hexes            3
   d - Fulminant Prism                Conjuration/Hexes            4
   e - Force Lance                    Conjuration/Translocation    4
   f - Iskenderun's Mystic Blast      Conjuration                  4
Comestibles
 b - 3 rations
 h - 3 chunks of flesh


   Skills:
 - Level 1.7 Dodging
 - Level 1.7 Stealth
 + Level 3.5 Spellcasting
 + Level 5.1 Conjurations


You had 6 spell levels left.
You knew the following spells:

 Your Spells              Type           Power        Failure   Level  Hunger
a - Magic Dart            Conj           ###.         1%          1    None
b - Dazzling Spray        Conj/Hex       ##....       19%         3    ###....


Dungeon Overview and Level Annotations

Branches:
Dungeon (2/15)

Altars:
Ru
Vehumet

Annotations:
D:2 Sigmund


Innate Abilities, Weirdness & Mutations

Your plain brown scales are hard. (AC +5)
You cannot fit into any form of body armour.
You are cold-blooded and may be slowed by cold attacks.


Message History

Press: ? - help, Shift-Dir - straight line You throw a javelin.
Throwing (i - inventory):
d - 6 javelins (quivered)
Press: ? - help, Shift-Dir - straight line You throw a javelin.
Something barely misses you.
Throwing (i - inventory):
d - 5 javelins (quivered)
Press: ? - help, Shift-Dir - straight line You throw a javelin.
You hear some strange, mumbled words.
You are confused.
Something hits you!
Throwing (i - inventory):
d - 4 javelins (quivered)
Press: ? - help, Shift-Dir - straight line You throw a javelin.
Something hits you but does no damage. Something hits you!
* * * LOW HITPOINT WARNING * * *
x2 It was a potion of might.
You feel very mighty all of a sudden. Something hits you.
You die...

###....._..# #..
#..........# # #.#
#.....⌠....#.# #..
#..).......... #.# ###
###)#._.......# #.#
..........(.....## #.#
.....#####...#### ##.#
.##.#.######.## #####..#
(....{.@..##.# #.......
###.#.###.##.####.######
#####..#.##.##.##.<.....#
.....###....).......##.#
###(..................#.#
..........#.##.#........#
####.....(#...#.##.....###
.......(......#.###...##
####.#.###>..#.# ##.##


There were no monsters in sight!

Vanquished Creatures
  6 gnolls
  2 adders (D:1)
  A worm (D:2)
  A leopard gecko (D:1)
  4 bats
  A giant cockroach (D:1)
  6 goblins
  2 hobgoblins (D:1)
  2 jackals (D:2)
  A quokka (D:2)
  A frilled lizard (D:2)
  5 kobolds
  8 rats
40 creatures vanquished.

Notes
Turn   | Place    | Note
-------+----------+-------------------------------------------
     0 | D:1      | KristoblXynda the Draconian Conjurer began the quest for the Orb.
     0 | D:1      | Reached XP level 1. HP: 14/14 MP: 3/3
   289 | D:1      | Reached XP level 2. HP: 20/20 MP: 0/5
  1159 | D:2      | Reached XP level 3. HP: 26/26 MP: 4/7
  1164 | D:2      | Learned a level 3 spell: Dazzling Spray
  1273 | D:2      | Noticed Sigmund
  2390 | D:2      | Reached XP level 4. HP: 17/33 MP: 2/8
  2621 | D:2      | Found a radiant altar of Vehumet.
  2636 | D:1      | Reached skill level 5 in Conjurations
  2982 | D:2      | Found a sacrificial altar of Ru.
  2998 | D:2      | Became a worshipper of Vehumet
  3150 | D:2      | Slain by Sigmund

Vault maps used:
D:1:      giann_horns
D:2:      minmay_wonky_spiral, grunt_temple_overflow_open, uniq_sigmund

Skill      XL: |  1  2  3  4 |
---------------+-------------+-----
Spellcasting   | 3 |  3.5
Conjurations   | 5 |  5.1
Dodging        | |  1.7
Stealth        | |  1.7

Action                   |  1- 3 |  4- 6 || total
-------------------------+-------+-------++-------
Melee: Unarmed           |    38 |     7 ||    45
       Tailslap          |     5 |     2 ||     7
       Dagger            |       |     7 ||     7
Throw: Javelin           |       |     6 ||     6
 Cast: Magic Dart        |    66 |    38 ||   104
       Dazzling Spray    |     2 |       ||     2
  Use: Potion            |     2 |     1 ||     3
  Eat: Chunk             |     2 |       ||     2
       Ration            |     1 |     1 ||     2
Armor: Skin              |    30 |     7 ||    37
Dodge: Dodged            |    52 |    21 ||    73

Table legend:
 A = Spawn XP
 B = Non-spawn XP
 C = Spawn XP percentage of total XP
 D = Spawn monster count
 E = Non-spawn monster count
 F = Spawn count percentage of total count
 G = Total turns spent on level
                    A         B        C        D         E        F      G
               +---------+---------+-------+---------+---------+-------+---------
         Total |       0 |     167 |   0.0 |       0 |      40 |   0.0 |  3150
               +---------+---------+-------+---------+---------+-------+---------
           D:1 |       0 |      69 |   0.0 |       0 |      20 |   0.0 |  2160
           D:2 |       0 |      98 |   0.0 |       0 |      20 |   0.0 |   990
               +---------+---------+-------+---------+---------+-------+---------
